 Dungeon Crawl Stone Soup version 0.29.0-13-gc9e81de378 (webtiles) character file.

Game seed: 494547034357865075

27 Ofeo the Digger (level 3, 0/26 HPs)
             Began as a Meteoran Earth Elementalist on Sept 10, 2022.
             Slain by an orc
             ... wielding a +0 club
              (1 damage)
             ... on level 4 of the Dungeon.
             The game lasted 00:01:19 (149 turns).

Ofeo the Digger (Meteoran Earth Elementalist)        Turns: 149, Time: 00:01:20

Health: 0/26       AC:  2    Str:  9    XL:     3   Next: 44%
Magic:  6/8        EV: 12    Int: 19    God:
Gold:   32         SH:  0    Dex: 14    Spells: 7/8 levels left

rFire   . . .      SeeInvis .   (no weapon)
rCold   . . .      Faith    .   (no shield)
rNeg    . . .      Spirit   .   a - +0 robe
rPois   .          Reflect  .   (no helmet)
rElec   .          Harm     .   (no cloak)
rCorr   .          Rampage  .   (no gloves)
Will    .....                   (no boots)
Stlth   +.........              (no amulet)
HPRegen 0.08/turn               (no ring)
MPRegen 0.11/turn               (no ring)

@: glowing
A: sense surroundings 1, otherworldly, glowing, explore regen
a: no special abilities


You were on level 4 of the Dungeon.
You visited 1 branch of the dungeon, and saw 4 of its levels.

You collected 32 gold pieces.

Inventory:

Armour
 a - a +0 robe (worn)
Potions
 c - a potion of flight {unknown}


   Skills:
 + Level 2.8 Dodging
 + Level 1.7 Stealth
 + Level 3.1 Spellcasting
 + Level 1.9 Transmutations
 + Level 4.0 Earth Magic


You had 7 spell levels left.
You knew the following spells:

 Your Spells              Type           Power      Damage    Failure   Level
a - Sandblast             Erth           36%        2d10      3%          1

Your spell library contained the following spells:

 Spells                   Type           Power      Damage    Failure   Level
 Passwall                 Tmut/Erth      11%        N/A       7%          2
 Stone Arrow              Conj/Erth      20%        3d8       21%         3
 Petrify                  Tmut/Erth      14%        N/A       41%         4


Dungeon Overview and Level Annotations

Branches:
Dungeon (4/15) Zot: 2237
 Temple: D:4-7

Altars:


Innate Abilities, Weirdness & Mutations

You passively map a small area around you.
You are easily found by Zot.
You glow in the dark.
You regain HP and MP as you explore.


Message History

You hit the orc but do no damage.
The orc is heavily wounded.
The orc misses you.
Your magical contamination has completely faded away.
You hit the orc but do no damage.
The orc is heavily wounded.
The orc hits you with a +0 club.
You take 3 damage, and have 8/26 hp.
Magic courses through your body. The orc hits you with a +0 club.
* * * LOW HITPOINT WARNING * * *
You take 4 damage, and have 4/26 hp.
MP restored: 8
Casting: Sandblast (safe; 3% risk of failure)
Confirm with . or Enter, or press ? or * to list all spells.
Aiming: Sandblast (safe; 3% risk of failure)
Press: ? - help, Shift-Dir - straight line, f/p - orc
Aim: an orc, wielding a +0 club and wearing a +0 chain mail (heavily wounded, 87% to hit)
The blast of sand hits the orc but does no damage.
The orc is heavily wounded.
The orc closely misses you. x2
You now have 7/8 mp.
Casting: Sandblast (safe; 3% risk of failure)
Confirm with . or Enter, or press ? or * to list all spells.
Aiming: Sandblast (safe; 3% risk of failure)
Press: ? - help, Shift-Dir - straight line, f/p - orc
Aim: an orc, wielding a +0 club and wearing a +0 chain mail (heavily wounded, 87% to hit)
The blast of sand hits the orc but does no damage.
The orc is heavily wounded.
The orc hits you with a +0 club.
* * * LOW HITPOINT WARNING * * *
You take 3 damage, and have 1/26 hp.
Casting: Sandblast (safe; 3% risk of failure)
Confirm with . or Enter, or press ? or * to list all spells.
Aiming: Sandblast (safe; 3% risk of failure)
Press: ? - help, Shift-Dir - straight line, f/p - orc
Aim: an orc, wielding a +0 club and wearing a +0 chain mail (heavily wounded, 87% to hit)
The blast of sand hits the orc.
The orc is heavily wounded.
The orc barely misses you. The orc hits you with a +0 club.
You die...

## #######
.###########.....#
.#.........#.....#
.#.........#.....#
.#.........'.....#
.#.........#.....#
.#.........#..†.@######
.#.........######o....#
, .#.........# #.(...+
.#..###....# #.....#,
##..###....#* , #.....#
, ......$....+ ,
#.....# ...........#,,
,#.....# ...........# *
#.....#* ###+####...
....###


You could see an orc.

Vanquished Creatures
  2 adders
  An orc (D:3)
  An endoplasm (D:4)
  A giant cockroach (D:4)
  A goblin (D:1)
  A kobold (D:1)
  A ball python (D:3)
  A frilled lizard (D:1)
9 creatures vanquished.

Notes
Turn   | Place    | Note
-------+----------+-------------------------------------------
     0 | D:1      | Ofeo the Meteoran Earth Elementalist began the quest for
                  | the Orb.
     0 | D:1      | Reached XP level 1. HP: 14/14 MP: 5/5
    78 | D:2      | You fall into a shaft and drop 2 floors!
    84 | D:3      | Reached XP level 2. HP: 20/20 MP: 4/6
   112 | D:4      | Reached XP level 3. HP: 22/26 MP: 6/8
   143 | D:4      | Reached skill level 4 in Earth Magic
   148 | D:4      | HP: 1/26 [orc/+0 club (3)]
   149 | D:4      | Slain by an orc

Illustrated notes

Levels and vault maps discovered:
D:1:      psy_arrival_conway, layout_loops_corners, serial_shops, shop,
          minmay_pentomino_r2
D:2:      layout_loops_corners, dreamdust_ecumenical_altar_grove, basic_altar,
          hangedman_abyss_or_decor_lesser_grid, nicolae_shop_unique_rings,
          bh_walls_and_bars
D:3:      layout_basic, kennysheep_generic_room_15
D:4:      layout_gridville, minmay_crystal_room

Skill      XL: |  1  2  3 |
---------------+----------+-----
Spellcasting   | 3 |  3.1
Earth Magic    | 4 |  4.0
Dodging        | |  2.8
Stealth        | |  1.7
Transmutations | |  1.9

Action                   || total
-------------------------++-------
Melee: Unarmed           ||     3
 Cast: Sandblast         ||    23
  Use: Potion            ||     1
Armor: Robe              ||     2
Dodge: Dodged            ||    13
